Map: Overgrowth LE (Void)

Players

Rado

  • Race: Zerg Zerg
  • League: Diamond
  • Spawn Location: 7:00

Mario - Winner!

  • Race: Terran Terran
  • League: Diamond
  • Spawn Location: 1:00

VOD

Have the link to the VOD?

Description

Time

  • Played on: Nov. 30, 2016, 12:26 p.m.
  • Length: 16:13
Show
View Real Time Build Order
Export as new Build Order

Rado Zerg 

Build Orders: Hatch First 

Get SALT Encoding   

  12  0:01  Drone  
  13  0:13  Overlord  
  13  0:19  Drone  
  14  0:32  Drone x2  
  16  0:36  Drone  
  17  0:54  Hatchery  
  16  1:04  Drone  
  17  1:14  Spawning Pool  
  17  1:17  Extractor  
  15  1:18  Drone x2  
  15  1:22  Drone  
  18  1:37  Drone  
  19  1:44  Overlord  
  19  1:55  Drone  
  20  2:03  Queen  
  21  2:09  Queen, Zergling x2  
  21  2:13  Drone  
  25  2:22  Drone x2  
  27  2:25  Metabolic Boost  
  27  2:28  Overlord  
  27  2:34  Drone  
  27  2:35  Drone  
  29  2:50  Spore Crawler  
  28  2:57  Drone x2  
  28  2:58  Drone x2  
  33  3:03  Zergling x2  
  34  3:07  Overlord  
  34  3:11  Queen  
  36  3:14  Queen  
  36  3:15  Zergling x2  
  36  3:16  Zergling x2  
  40  3:29  Roach Warren  
  40  3:33  Drone x5  
  42  3:59  Drone x6  
  48  4:14  Drone x4  
  52  4:21  Overlord x2  
  52  4:29  Hatchery, Evolution Chamber  
  50  4:32  Evolution Chamber  
  49  4:41  Drone x4  
  49  4:43  Lair  
  52  4:47  Baneling Nest  
  52  4:48  Extractor  
  52  4:51  Extractor  
  49  4:53  Overlord  
  49  4:59  Zerg Ground Armor Level 1  
  49  5:00  Zerg Melee Weapons Level 1, Hatchery  
  49  5:01  Zergling x2  
  49  5:03  Overlord  
  49  5:16  Drone, Overlord  
  49  5:17  Drone x4  
  54  5:26  Zergling x6  
  54  5:27  Zergling x6  
  60  5:35  Overlord  
  60  5:36  Overlord  
  60  5:42  Centrifical Hooks  
  60  5:54  Extractor  
  59  5:58  Zergling x8  
  59  5:59  Zergling x6  
  59  6:01  Spore Crawler  
  65  6:08  Drone  
  65  6:09  Drone  
  67  6:18  Baneling x8  
  67  6:19  Baneling x2  
  67  6:21  Baneling  
  67  6:22  Zergling x2  
  67  6:23  Zergling x18  
  77  6:29  Hatchery  
  76  6:41  Zergling x2  
  76  6:42  Zergling x6  
  80  6:49  Zergling x2  
  80  6:50  Zergling x4  
  75  7:20  Infestation Pit  
  75  7:21  Burrow  
  74  7:35  Spore Crawler, Hatchery  
  72  7:39  Queen x2, Hatchery  
  75  8:03  Drone x4  
  75  8:04  Drone x6, Overlord  
  75  8:05  Overlord x3  
  85  8:14  Queen  
  85  8:15  Zerg Ground Armor Level 2, Zerg Melee Weapons Level 2  
  87  8:23  Overlord x2  
  87  8:27  Pathogen Glands  
  66  8:58  Spore Crawler  
  62  9:03  Infestor  
  62  9:04  Infestor x5, Spore Crawler  
  62  9:05  Drone  
  62  9:06  Drone  
  62  9:08  Drone  
  76  9:29  Drone  
  76  9:30  Drone x5  
  82  9:32  Extractor  
  82  9:35  Extractor  
  80  9:42  Infestor  
  82  9:46  Drone x2  
  82  9:48  Zergling x2  
  85  10:05  Drone x3  
  89  10:14  Drone x5  
  89  10:15  Drone x3  
  89  10:20  Spore Crawler  
  95  10:45  Drone x4  
  95  10:48  Queen  
  101  10:55  Spire  
  100  11:01  Zergling x10  
  100  11:02  Zergling x4  
  107  11:14  Baneling x2  
  107  11:15  Baneling x17  
  107  11:17  Zergling x2  
  107  11:18  Zergling x18  
  117  11:22  Baneling  
  117  11:23  Baneling x5  
  117  11:25  Baneling x6  
  117  11:44  Overseer x3  
  117  11:46  Zergling x20  
  127  11:47  Baneling  
  127  11:48  Baneling x4  
  79  12:29  Corruptor x4  
  76  12:30  Corruptor  
  84  12:43  Hatchery  
  78  12:44  Extractor  
  78  12:48  Extractor  
  76  13:22  Hive  
  76  13:32  Infestor x3  
  76  13:33  Zergling x2  
  76  13:34  Zergling x2  
  84  13:38  Drone  
  84  13:40  Hatchery  
  84  13:56  Drone x6  
  90  14:08  Infestor, Spore Crawler  
  85  14:23  Roach x3  
  54  14:45  Zergling x2  
  54  14:46  Roach, Zergling x6  
  54  14:47  Roach  
  55  15:00  Infestor  
  55  15:01  Infestor  
  55  15:06  Baneling x2  
  59  15:07  Baneling  
  53  15:18  Ravager x4  
  44  15:52  Roach  
Show
View Real Time Build Order
Export as new Build Order

Mario Terran - Winner!

Build Orders: Reaper Expand, MMM Bio 

Get SALT Encoding   

  12  0:00  SCV  
  13  0:12  SCV  
  14  0:17  Supply Depot  
  14  0:25  SCV  
  15  0:39  SCV  
  15  0:40  Barracks  
  16  0:44  Refinery  
  16  0:51  SCV  
  17  1:03  SCV  
  18  1:15  SCV  
  19  1:28  Orbital Command, Reaper  
  20  1:42  Command Center  
  20  1:54  Barracks  
  20  2:08  SCV  
  20  2:09  Refinery  
  20  2:13  Barracks Reactor  
  21  2:17  Supply Depot  
  21  2:20  SCV  
  22  2:33  SCV  
  23  2:40  Factory  
  23  2:41  Barracks Tech Lab  
  22  2:58  SCV  
  22  3:00  Marine x3  
  22  3:02  Stimpack  
  26  3:06  Bunker  
  26  3:07  Orbital Command  
  26  3:18  Marine x3, SCV  
  30  3:33  SCV x2  
  32  3:37  Supply Depot  
  32  3:40  Marine x3  
  35  3:47  SCV  
  35  3:48  SCV, Factory Reactor  
  37  3:54  Supply Depot  
  37  3:57  Starport  
  37  4:06  Marine x3  
  37  4:07  SCV x2  
  42  4:19  SCV x2  
  42  4:24  Marine x3  
  47  4:31  Supply Depot  
  47  4:35  Supply Depot  
  47  4:41  Marine  
  47  4:42  Marine x2, SCV x2, Factory Reactor  
  47  4:45  Medivac x2  
  56  5:00  SCV x2  
  56  5:04  Marine x3  
  61  5:12  SCV x2  
  61  5:13  Engineering Bay x2  
  63  5:16  Liberator x2  
  63  5:17  Refinery  
  63  5:18  Refinery  
  63  5:30  Widow Mine  
  63  5:31  Widow Mine  
  63  5:33  Marine  
  63  5:34  Marine x2  
  63  5:35  SCV x2  
  78  5:44  Combat Shields  
  78  6:09  Barracks, Command Center  
  78  6:11  Barracks  
  78  6:14  Barracks  
  78  6:27  Marine  
  78  6:37  Terran Infantry Armor Level 1, Terran Infantry Weapons Level 1  
  78  6:40  Armory  
  78  6:45  Supply Depot  
  78  6:48  Supply Depot  
  78  6:49  Liberator x2  
  78  6:59  Marine x2  
  78  7:00  Marine  
  78  7:08  Barracks Reactor x3  
  84  7:11  SCV x2  
  86  7:17  Marine  
  86  7:18  Widow Mine x2  
  86  7:22  Marine x2  
  93  7:24  SCV  
  93  7:25  SCV  
  95  7:35  Marine  
  96  7:57  Marine  
  96  7:58  Marine x8  
  105  8:12  SCV x2  
  107  8:15  Marine x2  
  109  8:29  Supply Depot x2  
  109  8:32  Supply Depot  
  109  8:37  SCV, Liberator x2  
  109  8:41  Marine x2  
  109  8:47  SCV  
  109  8:48  Marine x2  
  109  8:53  Marine x5, Supply Depot  
  109  8:55  Supply Depot  
  109  8:56  Terran Infantry Weapons Level 2, Terran Infantry Armor Level 2  
  109  8:59  Marine x2  
  108  9:04  Widow Mine x2  
  108  9:06  Marine x2  
  114  9:12  Starport  
  114  9:16  Factory  
  114  9:19  Starport  
  114  9:27  Marine x8  
  114  9:28  Marine  
  123  9:37  Medivac x2  
  127  9:42  Planetary Fortress  
  127  9:44  Marine x2  
  127  9:45  Marine  
  130  9:50  Missile Turret  
  130  9:51  Widow Mine x2  
  134  9:54  SCV x2  
  136  10:00  Starport Tech Lab x2  
  136  10:02  Factory Tech Lab  
  136  10:04  Factory Tech Lab  
  136  10:05  Missile Turret  
  136  10:11  Medivac  
  136  10:13  Concussive Shells  
  138  10:17  Medivac  
  138  10:19  Widow Mine x2  
  138  10:20  High Capacity Fuel Tanks  
  144  10:22  Fusion Core  
  144  10:25  Missile Turret  
  144  10:29  SCV x3  
  144  10:32  Refinery  
  144  10:34  Refinery  
  147  10:42  Marine x2  
  149  10:47  Missile Turret  
  149  10:50  Supply Depot x2  
  149  10:52  Supply Depot  
  149  10:56  Supply Depot  
  149  11:11  Marine x9  
  158  11:23  Raven  
  158  11:24  Medivac x2, Raven  
  166  11:27  Terran Infantry Weapons Level 3  
  166  11:29  Marine x6  
  172  11:37  Terran Infantry Armor Level 3  
  172  11:45  Command Center  
  114  12:38  Marine  
  114  12:39  Marine x8  
  114  12:42  Thor, Widow Mine x2  
  133  12:44  Raven x2  
  133  12:45  Medivac x2  
  141  12:56  Marine x3  
  141  12:57  Marine x4  
  148  13:01  Advanced Ballistics  
  148  13:03  Recalibrated Explosives  
  142  13:10  Marine x2  
  142  13:12  Widow Mine  
  137  13:13  Widow Mine  
  137  13:14  Marine x4  
  143  13:22  SCV x3  
  143  13:25  Thor, Planetary Fortress  
  152  13:34  SCV, Missile Turret  
  153  13:44  Widow Mine x2  
  157  13:53  Marine x4  
  157  13:54  Marine x5  
  166  14:11  Marine x2  
  166  14:21  Corvid Reactor  
  148  14:55  Marine x5  
  148  14:56  Marine x4  
  157  15:01  Refinery x2  
  157  15:07  Orbital Command  
  157  15:13  Marine  
  156  15:23  Marine x7  
  156  15:24  Marine  
  164  15:30  Medivac x2  
  164  15:31  Marine  
  181  15:40  Marine  
  181  15:41  Marine x6  
  181  15:42  Marauder  
Tags
 
Add a new tag
Caveats
  • Supply blocks, unpowered buildings, or Contaminate may cause inaccurate times.
  • Supply counts are checked every 10 seconds.